 Dungeon Crawl Stone Soup version 0.28.0-53-g5a82cb258f (webtiles) character file.

Game seed: 17752261017364059829

181 DocClef the Cutter (level 5, 0/27 HPs)
             Began as a Vine Stalker Fighter on July 7, 2022.
             Slain by Blork the orc
             ... wielding a +2 broad axe of flaming
              (5 damage)
             ... on level 4 of the Dungeon.
             The game lasted 00:03:04 (2936 turns).

DocClef the Cutter (Vine Stalker Fighter)           Turns: 2936, Time: 00:03:05

Health: 0/27       AC:  7    Str: 21    XL:     5   Next: 61%
Magic:  0/6        EV:  9    Int:  8    God:
Gold:   125        SH:  4    Dex: 13    Spells: 4/4 levels left

rFire   . . .      SeeInvis .   a - +0 rapier
rCold   . . .      Faith    .   c - +0 buckler
rNeg    . . .      Spirit   +   b - +0 scale mail
rPois   .          Reflect  .   (no helmet)
rElec   .          Harm     .   (no cloak)
rCorr   .          Rampage  .   (no gloves)
Will    .....                   h - +0 pair of boots
Stlth   ..........              (no amulet)
HPRegen 0.89/turn               (no ring)
MPRegen 0.10/turn               (no ring)

@: mighty
A: fangs 2, regeneration 1, magic shield, antimagic bite, no potion heal 2
a: no special abilities


You were on level 4 of the Dungeon.
You visited 1 branch of the dungeon, and saw 4 of its levels.

You collected 125 gold pieces.

Inventory:

Hand Weapons
 a - a +0 rapier (weapon)
Armour
 b - a +0 scale mail (worn)
 c - a +0 buckler (worn)
 h - a +0 pair of boots (worn)
Jewellery
 l - a ring of magical power
Scrolls
 j - 4 scrolls of torment {unknown}
 m - a scroll of magic mapping {unknown}
 n - a scroll of identify {unknown}
 o - a scroll of brand weapon {unknown}
 q - a scroll of enchant armour {unknown}
 r - 2 scrolls of teleportation {unknown}
 s - a scroll of silence {unknown}
 t - a scroll of fog {unknown}
Potions
 e - a potion of degeneration {unknown}
 f - 4 potions of curing {unknown}
 g - a potion of heal wounds {unknown}
 i - a potion of lignification {unknown}
 k - a potion of attraction {unknown}
 p - 2 potions of haste {unknown}


   Skills:
 - Level 2.6 Fighting
 + Level 5.1 Short Blades
 - Level 2.4 Armour
 - Level 2.6 Shields


You had 4 spell levels left.
You didn't know any spells.
Your spell library contained the following spells:

 Spells                   Type           Power      Damage    Failure   Level
 Iskenderun's Battlesphe  Conj           0%         2d6       100%        5
 Iron Shot                Conj/Erth      0%         9d1       100%        6
 Spellforged Servitor     Conj/Summ      0%         N/A       100%        7


Dungeon Overview and Level Annotations

Branches:
Dungeon (4/15)
 Temple: D:4-7

Altars:
Ru
Uskayaw

Annotations:
D:4 Blork the orc


Innate Abilities, Weirdness & Mutations

You have extremely sharp teeth.
Your natural rate of healing is unusually fast.
When hurt, damage is shared between your health and your magic reserves.
Your bite disrupts and absorbs the magic of your enemies.
Potions cannot restore your health.


Message History

No target in view!
No target in view!
No target in view!
No target in view!
No target in view!
No target in view!
Blork the orc and a giant cockroach come into view.
Blork the orc is wielding a +2 broad axe of flaming and wearing a +0 robe of willpower.
Found 15 gold pieces.
Blork the orc shouts!
There are monsters nearby!
There are monsters nearby!
There are monsters nearby!
Blork the orc points at you and mumbles some strange words.
The puff of flame hits you! The giant cockroach barely misses you.
You closely miss the giant cockroach.
The giant cockroach bites you but does no damage.
Blork the orc points at you and mumbles some strange words.
The puff of flame hits you. The giant cockroach closely misses you.
Press: ? - help, v - describe, . - travel
Here: Blork the orc, wielding a +2 broad axe of flaming and wearing a +0 robe of willpower The floor.
You feel very mighty all of a sudden.
The giant cockroach bites you but does no damage.
You puncture the giant cockroach!
You kill the giant cockroach!
You hit Blork the orc. Your bite misses Blork the orc.
Blork the orc is moderately wounded.
Blork the orc casts a spell.
Blork the orc seems to speed up.
You hit Blork the orc. Your bite misses Blork the orc.
Blork the orc is moderately wounded.
Blork the orc hits you with a +2 broad axe of flaming!
Blork the orc burns you.
Blork the orc hits you with a +2 broad axe of flaming!
* * * LOW HITPOINT WARNING * * *
Blork the orc burns you.
You die...

....# .... ####... .....#
#..# ##...... ......###..#
##....... .......#..#
##........ .........#
###.........
.......#.######...........
........=.#...............
...$....#o....###.........
........#@.#### #.........
#.......#.## ##........
#.........# ###......
#######..## ###.... ##.
##### ##


You could see Blork the orc (fast).

Vanquished Creatures
  A bullfrog skeleton (D:4)
  An iguana (D:4)
  4 adders
  An ufetubus (D:4)
  A worm (D:2)
  4 dart slugs
  3 orcs
  4 bats
  An endoplasm (D:1)
  A giant cockroach (D:4)
  9 goblins
  7 hobgoblins
  7 jackals
  5 kobolds
  2 quokkas (D:2)
  5 ball pythons
  4 frilled lizards
  10 rats
70 creatures vanquished.

Notes
Turn   | Place    | Note
-------+----------+-------------------------------------------
     0 | D:1      | DocClef the Vine Stalker Fighter began the quest for the
                  | Orb.
     0 | D:1      | Reached XP level 1. HP: 11/11 MP: 2/2
    38 | D:1      | Reached skill level 2 in Short Blades
    89 | D:1      | Reached XP level 2. HP: 15/16 MP: 1/3
   358 | D:1      | Reached skill level 3 in Short Blades
   623 | D:1      | Reached XP level 3. HP: 13/19 MP: 2/4
  1409 | D:2      | Found a faded altar of an unknown god.
  1514 | D:2      | Gained mutation: Your natural rate of healing is unusually
                  | fast. [Vine Stalker growth]
  1514 | D:2      | Reached XP level 4. HP: 18/23 MP: 2/5
  1617 | D:2      | Reached skill level 4 in Short Blades
  2269 | D:3      | Found a hide-covered altar of Uskayaw.
  2291 | D:3      | Found a sacrificial altar of Ru.
  2717 | D:4      | Reached XP level 5. HP: 26/27 MP: 4/6
  2893 | D:4      | Reached skill level 5 in Short Blades
  2924 | D:4      | Noticed Blork the orc
  2936 | D:4      | Slain by Blork the orc

Illustrated notes

Levels and vault maps discovered:
D:1:      psy_arrival_spokes, layout_loops_ring, minmay_crystal_room,
          minivault_4, minmay_tree_intersection
D:2:      layout_rooms, ebering_ecumenical_altar_abandoned,
          kennysheep_decorative_pillar
D:3:      layout_loops_corners, mainiacjoe_overflow_large_starburst,
          dk_noncrumbling_4
D:4:      layout_cave_pods, nicolae_overflow_hidden_temple, uniq_blork_the_orc

Skill      XL: |  1  2  3  4  5 |
---------------+----------------+-----
Short Blades   | 2 3 4 5 |  5.1
Fighting       | |  2.6
Armour         | |  2.4
Shields        | |  2.6

Action                   |  1- 3 |  4- 6 || total
-------------------------+-------+-------++-------
Melee: Rapier            |    98 |   102 ||   200
       Bite              |    14 |    20 ||    34
  Use: Potion            |       |     1 ||     1
Armor: Scale mail        |    40 |    44 ||    84
Dodge: Dodged            |    40 |    43 ||    83
Block: Buckler           |    18 |    19 ||    37
